TOP OF THE 1ST |
London Majors batting - Pitching for Detroit Red Wings : RHP Alvaro Patino
|
Pitching: RHP Alvaro Patino
|
|
Batting: RHB Stephen Casteel
|
0-0: Ball 1-0: Fly out, F9 (Line Drive, 89M, EV 87.5 MPH)
|
Batting: RHB Luis Gomez
|
0-0: Foul Ball, location: 2F 0-1: Swinging Strike 0-2: Ball 1-2: Foul Ball, location: 2F 1-2: Foul Ball, location: 2F 1-2: Fly out, F3 (Line Drive, 3, EV 64.4 MPH)
|
Batting: RHB Bill Murray
|
0-0: Ball 1-0: Foul Ball, location: 2F 1-1: Foul Ball, location: 2F 1-2: Ground out 4-3 (Groundball, 4, EV 88.1 MPH)
|
Top of the 1st over - 0 runs, 0 hits, 0 errors, 0 left on base; London 0 - Detroit 0 |
BOTTOM OF THE 1ST |
Detroit Red Wings batting - Pitching for London Majors : LHP Frank Cota
|
Pitching: LHP Frank Cota
|
|
Batting: RHB Jose Evangelista
|
0-0: Foul Ball, location: 2F 0-1: Called Strike 0-2: Foul Ball, location: 2F 0-2: SINGLE (Line Drive, 78S, EV 111.9 MPH)
|
Batting: RHB Kevin Steed
|
0-0: SINGLE (Line Drive, 6MD, EV 105.0 MPH) Jose Evangelista to second
|
Batting: RHB Tony Nunez
|
0-0: Called Strike 0-1: SINGLE (Line Drive, 89S, EV 106.2 MPH) Jose Evangelista to third Kevin Steed to second Runner from 3rd tries for Home, SAFE, throw by RF to home
|
Batting: RHB Brandon Everett
|
0-0: Ball 1-0: Ball 2-0: Ball 3-0: Called Strike 3-1: Foul Ball, location: 2F 3-2: Base on Balls Kevin Steed to third Tony Nunez to second
|
Batting: LHB Glen Boyle
|
0-0: Called Strike 0-1: Foul Ball, location: 2F 0-2: Ball 1-2: Strikes out looking
|
Batting: RHB Norm Wood
|
0-0: Foul Ball, location: 2F 0-1: Ball 1-1: Ball 2-1: Ball 3-1: TRIPLE (Flyball, 78XD, EV 101.2 MPH) Kevin Steed scores Tony Nunez scores Brandon Everett scores
|
Batting: RHB Ernst Meloche
|
0-0: Called Strike 0-1: Fly out, F9 (Flyball, 9, EV 88.1 MPH)
|
Batting: LHB Isao Fukui
|
0-0: Ball 1-0: Ball 2-0: Fly out, F8 (Flyball, 8RXD, EV 90.0 MPH)
|
Bottom of the 1st over - 4 runs, 4 hits, 0 errors, 1 left on base; London 0 - Detroit 4 |
TOP OF THE 2ND |
London Majors batting - Pitching for Detroit Red Wings : RHP Alvaro Patino
|
Batting: LHB Eric Toney
|
0-0: Fly out, F8 (Flyball, 8LM, EV 82.5 MPH)
|
Batting: RHB Pete Duncan
|
0-0: Called Strike 0-1: Ball 1-1: Ball 2-1: Ball 3-1: Base on Balls
|
Batting: RHB Shunsuke Shiba Inu
|
0-0: Ball 1-0: Called Strike 1-1: Foul Ball, location: 2F 1-2: Foul Ball, location: 2F 1-2: Fly out, F9 (Line Drive, 89M, EV 90.6 MPH)
|
Batting: SHB Dominik Hasek II
|
0-0: Ball Pete Duncan steals 2nd, throwing error, E2 Pete Duncan to third 1-0: Ball 2-0: Ground out 1-3 (Groundball, 15S, EV 73.8 MPH)
|
Top of the 2nd over - 0 runs, 0 hits, 1 error, 1 left on base; London 0 - Detroit 4 |
BOTTOM OF THE 2ND |
Detroit Red Wings batting - Pitching for London Majors : LHP Frank Cota
|
Batting: RHB Nate Dabney
|
0-0: Called Strike 0-1: Fly out, F9 (Flyball, 9, EV 91.2 MPH)
|
Batting: RHB Jose Evangelista
|
0-0: Ball 1-0: Ball 2-0: Ball 3-0: Called Strike 3-1: Foul Ball, location: 2F 3-2: Base on Balls
|
Batting: RHB Kevin Steed
|
0-0: Ball 1-0: Called Strike Jose Evangelista steals 2nd base 1-1: SINGLE (Groundball, 3S, EV 68.8 MPH) (infield hit) Jose Evangelista to third
|
Batting: RHB Tony Nunez
|
0-0: Ball 1-0: Called Strike 1-1: Swinging Strike 1-2: Ball 2-2: Strikes out swinging
|
Batting: RHB Brandon Everett
|
0-0: Ball 1-0: Ball 2-0: Ball 3-0: Called Strike 3-1: Base on Balls Kevin Steed to second
|
Batting: LHB Glen Boyle
|
0-0: Ball 1-0: Foul Ball, location: 2F 1-1: Fly out, F5 (Line Drive, 5, EV 70.0 MPH)
|
Bottom of the 2nd over - 0 runs, 1 hit, 0 errors, 3 left on base; London 0 - Detroit 4 |
TOP OF THE 3RD |
London Majors batting - Pitching for Detroit Red Wings : RHP Alvaro Patino
|
Batting: RHB Terry Plumley
|
0-0: Ball 1-0: Ball 2-0: Called Strike 2-1: Hit by Pitch
|
Batting: RHB Mikey Sano
|
0-0: Called Strike 0-1: Foul Ball, location: 2F 0-2: Strikes out swinging
|
Batting: RHB Stephen Casteel
|
0-0: Ball 1-0: Ball 2-0: Called Strike 2-1: Ball 3-1: SINGLE (Groundball, 34D, EV 106.9 MPH) Terry Plumley to second Runner from 2nd tries for 3rd, SAFE, throw by RF made to third
|
Batting: RHB Luis Gomez
|
0-0: Called Strike 0-1: Ball 1-1: SINGLE (Groundball, 6MD, EV 100.0 MPH) Terry Plumley scores Stephen Casteel to second Runner from 2nd tries for 3rd, SAFE, throw by CF made to third Luis Gomez to second
|
Batting: RHB Bill Murray
|
0-0: Ball 1-0: Called Strike 1-1: Foul Ball, location: 2F 1-2: Foul Ball, location: 2F 1-2: Foul Ball, location: 2F 1-2: Foul Ball, location: 2F 1-2: Fly out, F9 (Flyball, 9LM, EV 92.5 MPH) Runner from 3rd tags up, SCORES, throw by RF
|
Batting: LHB Eric Toney
|
0-0: Foul Ball, location: 2F 0-1: Ball 1-1: Ball 2-1: Ball 3-1: Base on Balls
|
Batting: RHB Pete Duncan
|
0-0: Ball 1-0: Ball 2-0: Called Strike 2-1: Ground out 4-3 (Groundball, 13, EV 92.5 MPH)
|
Top of the 3rd over - 2 runs, 2 hits, 0 errors, 2 left on base; London 2 - Detroit 4 |
BOTTOM OF THE 3RD |
Detroit Red Wings batting - Pitching for London Majors : LHP Frank Cota
|
Batting: RHB Norm Wood
|
0-0: Ball 1-0: Ball 2-0: Foul Ball, location: 2F 2-1: Ball 3-1: Fly out, F7 (Flyball, 7, EV 90.6 MPH)
|
Batting: RHB Ernst Meloche
|
0-0: DOUBLE (Flyball, 78D, EV 101.2 MPH)
|
Batting: LHB Isao Fukui
|
0-0: Ball 1-0: Swinging Strike 1-1: Ball 2-1: Ball 3-1: Called Strike 3-2: SINGLE (Flyball, 5D, EV 90.0 MPH) Ernst Meloche to third
|
Batting: RHB Nate Dabney
|
0-0: Ball 1-0: Foul Ball, location: 2F 1-1: Foul Ball, location: 2F 1-2: Strikes out looking
|
Batting: RHB Jose Evangelista
|
0-0: Called Strike 0-1: Ball 1-1: Called Strike 1-2: Foul Ball, location: 2F 1-2: Ball 2-2: Reached on error, E9 (Flyball, 89M, EV 89.4 MPH) Ernst Meloche scores Isao Fukui to third
|
Batting: RHB Kevin Steed
|
0-0: Ball 1-0: Called Strike 1-1: Ball 2-1: TRIPLE (Line Drive, 8LXD, EV 98.1 MPH) Isao Fukui scores Jose Evangelista scores
|
Pitching: RHP Jason Hanson
|
|
Batting: RHB Tony Nunez
|
0-0: Swinging Strike 0-1: Foul Ball, location: 2F 0-2: Strikes out looking
|
Bottom of the 3rd over - 3 runs, 3 hits, 1 error, 1 left on base; London 2 - Detroit 7 |
TOP OF THE 4TH |
London Majors batting - Pitching for Detroit Red Wings : RHP Alvaro Patino
|
Batting: RHB Shunsuke Shiba Inu
|
0-0: Foul Ball, location: 2F 0-1: Called Strike 0-2: Foul Ball, location: 2F 0-2: Ball 1-2: Ball 2-2: Ball 3-2: Strikes out swinging
|
Batting: SHB Dominik Hasek II
|
0-0: Ball 1-0: Ball 2-0: Ball 3-0: Called Strike 3-1: Ground out 4-3 (Groundball, 4, EV 96.2 MPH)
|
Batting: RHB Terry Plumley
|
0-0: Ball 1-0: Called Strike 1-1: Fly out, F9 (Flyball, 9LM, EV 78.8 MPH)
|
Top of the 4th over - 0 runs, 0 hits, 0 errors, 0 left on base; London 2 - Detroit 7 |
BOTTOM OF THE 4TH |
Detroit Red Wings batting - Pitching for London Majors : RHP Jason Hanson
|
Batting: RHB Brandon Everett
|
0-0: Foul Ball, location: 2F 0-1: Ball 1-1: Swinging Strike 1-2: Foul Ball, location: 2F 1-2: Foul Ball, location: 2F 1-2: Strikes out swinging
|
Batting: LHB Glen Boyle
|
0-0: Ball 1-0: Ball 2-0: Called Strike 2-1: Called Strike 2-2: Ground out 4-3 (Groundball, 4, EV 85.0 MPH)
|
Batting: RHB Norm Wood
|
0-0: Ball 1-0: Ball 2-0: Fly out, F9 (Flyball, 89M, EV 94.4 MPH)
|
Bottom of the 4th over - 0 runs, 0 hits, 0 errors, 0 left on base; London 2 - Detroit 7 |
TOP OF THE 5TH |
London Majors batting - Pitching for Detroit Red Wings : RHP Alvaro Patino
|
Batting: RHB Mikey Sano
|
0-0: Ground out 5-3 (Groundball, 56, EV 106.2 MPH)
|
Batting: RHB Stephen Casteel
|
0-0: Ball 1-0: Fly out, F9 (Flyball, 9LM, EV 85.0 MPH)
|
Batting: RHB Luis Gomez
|
0-0: Called Strike 0-1: Ball 1-1: Ball 2-1: SOLO HOME RUN (Flyball, 7D, EV 98.8 MPH), Distance : 393 ft
|
Batting: RHB Bill Murray
|
0-0: Ball 1-0: SINGLE (Line Drive, 7S, EV 94.4 MPH)
|
Batting: LHB Eric Toney
|
0-0: Called Strike 0-1: Ball 1-1: Fielders Choice at 2nd, 6-4 (Groundball, 6, EV 78.1 MPH)
|
Top of the 5th over - 1 run, 2 hits, 0 errors, 1 left on base; London 3 - Detroit 7 |
BOTTOM OF THE 5TH |
Detroit Red Wings batting - Pitching for London Majors : RHP Jason Hanson
|
Batting: RHB Ernst Meloche
|
0-0: Ball 1-0: SINGLE (Groundball, 5D, EV 105.6 MPH)
|
Batting: LHB Isao Fukui
|
0-0: Ball 1-0: Ball 2-0: Called Strike 2-1: Fielders Choice at 2nd, 4-6 (Groundball, 34, EV 106.9 MPH)
|
Batting: RHB Nate Dabney
|
0-0: Foul Ball, location: 2F 0-1: Called Strike 0-2: Ball 1-2: Strikes out looking
|
Batting: RHB Jose Evangelista
|
0-0: Foul Ball, location: 2F 0-1: Swinging Strike 0-2: Reached on error, E5 (Groundball, 5, EV 84.4 MPH) Isao Fukui to second
|
Batting: RHB Kevin Steed
|
0-0: Ball 1-0: Foul Ball, location: 2F 1-1: Foul Ball, location: 2F 1-2: Fly out, F4 (Popup, 34D, EV 53.8 MPH)
|
Bottom of the 5th over - 0 runs, 1 hit, 1 error, 2 left on base; London 3 - Detroit 7 |
TOP OF THE 6TH |
London Majors batting - Pitching for Detroit Red Wings : RHP Alvaro Patino
|
Batting: RHB Pete Duncan
|
0-0: Ball 1-0: Foul Ball, location: 2F 1-1: Fly out, F1 (Line Drive, P, EV 68.1 MPH)
|
Batting: RHB Shunsuke Shiba Inu
|
0-0: Called Strike 0-1: Ball 1-1: Called Strike 1-2: Ball 2-2: Ground out 5-3 (Groundball, 5, EV 98.8 MPH)
|
Batting: SHB Dominik Hasek II
|
0-0: Foul Ball, location: 2F 0-1: Ball 1-1: Ball 2-1: Swinging Strike 2-2: Foul Ball, location: 2F 2-2: SINGLE (Groundball, 25, EV 62.5 MPH) (infield hit)
|
Batting: RHB Terry Plumley
|
0-0: Ball 1-0: Foul Ball, location: 2F 1-1: Ball 2-1: Ball 3-1: Called Strike 3-2: Strikes out swinging
|
Top of the 6th over - 0 runs, 1 hit, 0 errors, 1 left on base; London 3 - Detroit 7 |
BOTTOM OF THE 6TH |
Detroit Red Wings batting - Pitching for London Majors : RHP Jason Hanson
|
Batting: RHB Tony Nunez
|
0-0: Foul Ball, location: 2F 0-1: Ball 1-1: SINGLE (Groundball, 6MD, EV 104.4 MPH)
|
Batting: RHB Brandon Everett
|
0-0: Foul Ball, location: 2F 0-1: Foul Ball, location: 2F 0-2: Strikes out swinging
|
Batting: LHB Glen Boyle
|
0-0: Called Strike 0-1: Ball 1-1: Foul Ball, location: 2F 1-2: Fly out, F9 (Flyball, 9S, EV 92.5 MPH)
|
Batting: RHB Norm Wood
|
0-0: Ball Passed Ball! Tony Nunez to second 1-0: Ball 2-0: Foul Ball, location: 2F 2-1: Called Strike 2-2: Ball 3-2: Base on Balls
|
Batting: RHB Ernst Meloche
|
0-0: Called Strike 0-1: Ball 1-1: Foul Ball, location: 2F 1-2: Strikes out swinging
|
Bottom of the 6th over - 0 runs, 1 hit, 0 errors, 2 left on base; London 3 - Detroit 7 |
TOP OF THE 7TH |
London Majors batting - Pitching for Detroit Red Wings : RHP Alvaro Patino
|
Batting: RHB Mikey Sano
|
0-0: Ball 1-0: Foul Ball, location: 2F 1-1: Fly out, F4 (Popup, 3S, EV 83.1 MPH)
|
Batting: RHB Stephen Casteel
|
0-0: Ground out U3 (Groundball, 34, EV 89.4 MPH)
|
Batting: RHB Luis Gomez
|
0-0: Called Strike 0-1: Ball 1-1: Foul Ball, location: 2F 1-2: Foul Ball, location: 2F 1-2: Ball 2-2: Foul Ball, location: 2F 2-2: Strikes out swinging, 2-3 out at first.
|
Top of the 7th over - 0 runs, 0 hits, 0 errors, 0 left on base; London 3 - Detroit 7 |
BOTTOM OF THE 7TH |
Detroit Red Wings batting - Pitching for London Majors : RHP Jason Hanson
|
Pitching: RHP Steve Schultz
|
|
Batting: LHB Isao Fukui
|
0-0: Fly out, F6 (Popup, 6M, EV 60.6 MPH)
|
Batting: RHB Nate Dabney
|
0-0: Ground out 5-3 (Groundball, 56S, EV 76.2 MPH)
|
Batting: RHB Jose Evangelista
|
0-0: Fly out, F5 (Popup, 56S, EV 77.5 MPH)
|
Bottom of the 7th over - 0 runs, 0 hits, 0 errors, 0 left on base; London 3 - Detroit 7 |
TOP OF THE 8TH |
London Majors batting - Pitching for Detroit Red Wings : RHP Alvaro Patino
|
Pitching: RHP Leon Benitez
|
|
Batting: RHB Bill Murray
|
0-0: Ball 1-0: Foul Ball, location: 2F 1-1: Ball 2-1: Swinging Strike 2-2: Ball 3-2: SINGLE (Line Drive, 34D, EV 96.9 MPH)
|
Batting: LHB Eric Toney
|
0-0: Fly out, F8 (Line Drive, 8RM, EV 90.6 MPH)
|
Batting: RHB Pete Duncan
|
0-0: Swinging Strike 0-1: Called Strike 0-2: Ball 1-2: Foul Ball, location: 2F 1-2: Ball Passed Ball! Bill Murray to second 2-2: Foul Ball, location: 2F 2-2: Ground out 4-3 (Groundball, 4, EV 110.0 MPH) Bill Murray to third
|
Batting: RHB Shunsuke Shiba Inu
|
0-0: Foul Ball, location: 2F 0-1: Swinging Strike 0-2: Ball 1-2: TRIPLE (Line Drive, 89XD, EV 106.9 MPH) Bill Murray scores
|
Batting: SHB Dominik Hasek II
|
0-0: Swinging Strike 0-1: Called Strike 0-2: Foul Ball, location: 2F 0-2: SINGLE (Groundball, 56D, EV 105.6 MPH) Shunsuke Shiba Inu scores
|
Batting: RHB Terry Plumley
|
0-0: Ball 1-0: Ball 2-0: Ball 3-0: Base on Balls Dominik Hasek II to second
|
Pinch Hitting: RHB John Rios
|
0-0: Foul Ball, location: 2F 0-1: Foul Ball, location: 2F 0-2: DOUBLE (Line Drive, 3D, EV 95.6 MPH) Dominik Hasek II scores Terry Plumley to third
|
Batting: RHB Stephen Casteel
|
0-0: Called Strike 0-1: Ball 1-1: Ball 2-1: Ball 3-1: Called Strike 3-2: Base on Balls
|
Batting: RHB Luis Gomez
|
0-0: Called Strike 0-1: Ball 1-1: Foul Ball, location: 2F 1-2: Foul Ball, location: 2F 1-2: Fly out, F9 (Flyball, 9S, EV 75.6 MPH)
|
Top of the 8th over - 3 runs, 4 hits, 0 errors, 3 left on base; London 6 - Detroit 7 |
BOTTOM OF THE 8TH |
Detroit Red Wings batting - Pitching for London Majors : RHP Steve Schultz
|
Now at C: John Rios
|
|
Batting: RHB Kevin Steed
|
0-0: Called Strike 0-1: Ball 1-1: Swinging Strike 1-2: Ball 2-2: Strikes out swinging
|
Batting: RHB Tony Nunez
|
0-0: Foul Ball, location: 2F 0-1: Ball 1-1: Fly out, F8 (Flyball, 8LD, EV 98.1 MPH)
|
Batting: RHB Brandon Everett
|
0-0: Called Strike 0-1: Ball 1-1: Called Strike 1-2: Strikes out looking
|
Bottom of the 8th over - 0 runs, 0 hits, 0 errors, 0 left on base; London 6 - Detroit 7 |
TOP OF THE 9TH |
London Majors batting - Pitching for Detroit Red Wings : RHP Leon Benitez
|
Batting: RHB Bill Murray
|
0-0: SINGLE (Line Drive, 9S, EV 89.4 MPH)
|
Batting: LHB Eric Toney
|
0-0: Ball 1-0: Called Strike 1-1: Ball 2-1: SINGLE (Line Drive, 89S, EV 96.9 MPH) Bill Murray to second Runner from 2nd tries for 3rd, SAFE, throw by RF made to third
|
Batting: RHB Pete Duncan
|
0-0: Fly out, F9 (Flyball, 89M, EV 90.6 MPH) Runner from 3rd tags up, OUT at HOME! 9-2 Eric Toney to second
|
Batting: RHB Shunsuke Shiba Inu
|
0-0: Foul Ball, location: 2F 0-1: 2-RUN HOME RUN (Line Drive, 7LD, EV 98.8 MPH), Distance : 372 ft
|
Batting: SHB Dominik Hasek II
|
0-0: Ball 1-0: Ball 2-0: Ball 3-0: Base on Balls
|
Batting: RHB Terry Plumley
|
0-0: Ball Dominik Hasek II steals 2nd base (no throw) 1-0: Foul Ball, location: 2F 1-1: Ball 2-1: SINGLE (Flyball, 8LS, EV 96.2 MPH) Dominik Hasek II to third Runner from 3rd tries for Home, throw by CF and OUT! 8-2
|
Top of the 9th over - 2 runs, 4 hits, 0 errors, 1 left on base; London 8 - Detroit 7 |
BOTTOM OF THE 9TH |
Detroit Red Wings batting - Pitching for London Majors : RHP Steve Schultz
|
Pitching: RHP Oswaldo Vasquez
|
|
Now at 2B: Stephen Casteel
|
|
Now at SS: Bobby Roldan
|
|
Batting: LHB Glen Boyle
|
0-0: Foul Ball, location: 2F 0-1: Ball 1-1: Ball 2-1: Foul Ball, location: 2F 2-2: Ball 3-2: Foul Ball, location: 2F 3-2: Foul Ball, location: 2F 3-2: Foul Ball, location: 2F 3-2: SINGLE (Groundball, 6D, EV 101.9 MPH)
|
Pinch Hitting: SHB Willie Medina
|
0-0: Sac Bunt to 2L - play at first, batter safe! Glen Boyle to second
|
Batting: LHB Jamie Christian
|
0-0: Called Strike 0-1: Foul Ball, location: 2F 0-2: Ball 1-2: Foul Ball, location: 2F 1-2: SINGLE (Groundball, 4MD, EV 106.2 MPH) Glen Boyle to third Willie Medina to second
|
Batting: LHB Isao Fukui
|
0-0: Foul Ball, location: 2F 0-1: Called Strike 0-2: Ball 1-2: Foul Ball, location: 2F 1-2: Ball 2-2: Ball 3-2: Strikes out looking
|
Pinch Hitting: LHB Brad Gaskill
|
0-0: Called Strike 0-1: Swinging Strike 0-2: Strikes out swinging
|
Batting: RHB Jose Evangelista
|
0-0: Called Strike 0-1: Ball 1-1: Fielders Choice at 2nd, 6-4 (Groundball, 6D, EV 101.9 MPH)
|
Bottom of the 9th over - 0 runs, 3 hits, 0 errors, 3 left on base; London 8 - Detroit 7 |
|